 Dungeon Crawl Stone Soup version 0.29-a0-878-g7b45a56547 (webtiles) character file.

Game seed: 15664056923993829389

16 Locuples the Trooper (level 2, 0/24 HPs)
             Began as a Demonspawn Berserker on July 20, 2022.
             Was a Follower of Trog.
             Succumbed to a goblin's poison
             ... on level 1 of the Dungeon.
             The game lasted 00:01:03 (646 turns).

Locuples the Trooper (Demonspawn Berserker)          Turns: 646, Time: 00:01:03

Health: 0/24       AC:  2    Str: 17    XL:     2   Next: 37%
Magic:  2/2        EV: 12    Int:  8    God:    Trog [*.....]
Gold:   2          SH:  0    Dex: 12    Spells: 1/1 levels left

rFire   . . .      SeeInvis .     - Unarmed
rCold   . . .      Faith    .   (no shield)
rNeg    . . .      Spirit   .   a - +0 animal skin
rPois   .          Reflect  .   (no helmet)
rElec   .          Harm     .   (no cloak)
rCorr   .          Rampage  .   (no gloves)
Will    .....                   (no boots)
Stlth   +.........              (no amulet)
HPRegen 1.08/turn               (no ring)
MPRegen 0.08/turn               (no ring)

@: lethally poisoned (0 -> -11)
A: powered by death 1
a: Renounce Religion, Berserk


You were on level 1 of the Dungeon.
You worshipped Trog.
Trog was aware of your devotion.
You visited 1 branch of the dungeon, and saw 1 of its levels.

You collected 2 gold pieces.

Inventory:

Armour
 a - a +0 animal skin (worn)
Scrolls
 c - a scroll of identify {unknown}
 d - a scroll of acquirement {unknown}
Potions
 b - a potion of mutation {unknown}


   Skills:
 + Level 3.2 Fighting
 + Level 1.8 Armour
 + Level 2.0 Dodging
 + Level 3.0 Unarmed Combat


You had one spell level left.
You didn't know any spells.
Your spell library was empty.

Dungeon Overview and Level Annotations

Branches:
Dungeon (1/15)

Altars:


Innate Abilities, Weirdness & Mutations

You regenerate a little health from kills.


Message History

You barely miss the goblin. The goblin barely misses you.
You barely miss the goblin.
A dart slug comes into view.
Found a robe.
The goblin hits you with a +0 dagger.
The goblin hits you with a +1 dagger of venom.
You closely miss the goblin. The goblin misses you.
The goblin closely misses you.
You hit the goblin.
You kill the goblin!
Trog accepts your kill. The dart slug launches a dart at you.
The slug dart hits you. The goblin barely misses you.
Your Dodging skill increases to level 2!
The goblin attacks as you move away!
The goblin hits you with a +1 dagger of venom.
You are poisoned.
You feel sick.
You see here a +0 dagger.
You feel sick.
You feel sick.
You feel sick. The dart slug launches a dart at you. The slug dart hits you.
You hit the dart slug.
The dart slug is severely wounded.
You feel sick.
The goblin hits you with a +1 dagger of venom.
* * * LOW HITPOINT WARNING * * *
You are lethally poisoned!
The dart slug misses you.
You hit the dart slug.
You kill the dart slug!
Trog accepts your kill.
You feel sick.
The goblin hits you with a +1 dagger of venom.
* * * LOW HITPOINT WARNING * * *
You are lethally poisoned!
You hit the goblin.
The goblin is moderately wounded.
You die...

#.. ... .. #.#
#.. #+#####
#...#####+####
......#
#.....@g.....##
......#
###...........#
.)....#
#...........#
......#
#......)....#
..#####
#........?..#
#.####
.....[...#...#
.....#
.####.#####.#.#
..##.# ##.## #.
#.# .. #.##.#
#... .. #.# ##


You could see a goblin.

Vanquished Creatures
  A dart slug (D:1)
  3 ball pythons (D:1)
  A bat (D:1)
  A giant cockroach (D:1)
  A goblin (D:1)
  2 hobgoblins (D:1)
  2 kobolds (D:1)
  A rat (D:1)
12 creatures vanquished.

Notes
Turn   | Place    | Note
-------+----------+-------------------------------------------
     0 | D:1      | Locuples the Demonspawn Berserker began the quest for the
                  | Orb.
     0 | D:1      | Reached XP level 1. HP: 18/18 MP: 1/1
    44 | D:1      | Found a faded altar of an unknown god.
   321 | D:1      | Gained mutation: You regenerate a little health from kills.
                  | [demonic ancestry]
   321 | D:1      | Reached XP level 2. HP: 16/24 MP: 2/2
   646 | D:1      | Succumbed to a goblin's poison

Illustrated notes

Levels and vault maps discovered:
D:1:      dpeg_arrival_arbitrary_c, layout_basic, ebering_ecumenical_altar_hall

Skill      XL: |  1  2 |
---------------+-------+-----
Unarmed Combat | 3 |  3.0
Dodging        | 2 |  2.0
Fighting       | |  3.2
Armour         | |  1.8

Action                   || total
-------------------------++-------
Melee: Unarmed           ||    42
       Punch             ||     2
Armor: Animal skin       ||     6
Dodge: Dodged            ||    38

Table legend: (Time is in decaauts)
 A = Elapsed time spent in this place.
 B = Non-inter-level travel time spent in this place.
 C = Inter-level travel time spent in this place.
 D = Time resting spent in this place.
 E = Time spent auto-exploring this place.
 F = Levels seen in this place.
 G = Mean time per level.
                   A        B        C        D        E       F      G
               +--------+--------+--------+--------+--------+-----+--------+
         Total |    643 |    643 |      0 |      0 |    533 |   1 |  643.0 |
       Dungeon |    643 |    643 |      0 |      0 |    533 |   1 |  643.0 |
               +--------+--------+--------+--------+--------+-----+--------+

Top non-repeatable levels by time:
     D:1: 643 daAuts
